Map: Submarine LE

Players

rottenorange

  • Race: Zerg Zerg

Gentil

  • Race: Zerg Zerg

itsDani

  • Race: Zerg Zerg
  • League: Platinum
  • Spawn Location: 5:00

AmShagaar

  • Race: Zerg Zerg
  • Spawn Location: 11:00

VOD

Have the link to the VOD?

Description

Time

  • Played on: Oct. 1, 2020, 3:24 p.m.
  • Length: 24:56
Show
View Real Time Build Order
Export as new Build Order

rottenorange Zerg 

Build Orders:  

Get SALT Encoding   

Show
View Real Time Build Order
Export as new Build Order

Gentil Zerg 

Build Orders:  

Get SALT Encoding   

Show
View Real Time Build Order
Export as new Build Order

itsDani Zerg 

Build Orders: Hatch First, Lurkers, Roach Hydra 

Get SALT Encoding   

  12  0:00  Drone  
  13  0:12  Overlord  
  13  0:16  Drone  
  14  0:30  Drone  
  14  0:31  Drone  
  16  0:48  Hatchery  
  15  0:58  Drone x2  
  15  0:59  Drone  
  18  1:07  Extractor  
  17  1:14  Spawning Pool  
  17  1:17  Drone  
  17  1:21  Drone  
  18  1:31  Drone  
  19  1:42  Overlord  
  19  2:00  Drone  
  20  2:01  Queen  
  20  2:02  Queen  
  20  2:05  Zergling x4  
  26  2:12  Drone  
  27  2:23  Drone x2  
  29  2:33  Drone x2  
  29  2:35  Overlord  
  31  2:38  Metabolic Boost  
  31  2:46  Queen  
  31  2:48  Queen  
  34  2:52  Drone  
  34  3:06  Drone  
  34  3:07  Drone  
  34  3:08  Zergling x2  
  34  3:09  Zergling x2  
  34  3:11  Drone x3  
  34  3:12  Drone  
  42  3:29  Drone x2  
  42  3:32  Extractor  
  42  3:33  Extractor  
  42  3:44  Drone x2  
  44  3:51  Evolution Chamber  
  44  3:54  Roach Warren  
  42  3:55  Drone  
  42  3:56  Overlord, Drone  
  42  3:57  Overlord  
  44  4:10  Overlord x2  
  44  4:15  Drone x2  
  46  4:19  Drone x3  
  46  4:20  Zergling x2  
  50  4:30  Hatchery, Lair  
  48  4:38  Roach x4  
  56  4:46  Zerg Missile Weapons Level 1  
  56  4:47  Spine Crawler  
  56  4:48  Drone x3  
  56  4:49  Drone  
  59  4:54  Queen  
  61  5:11  Drone x2  
  61  5:12  Hatchery, Drone x5  
  61  5:13  Overlord, Roach  
  69  5:21  Extractor  
  69  5:23  Overlord x2  
  68  5:36  Glial Reconstitution  
  68  5:42  Drone x3  
  71  5:43  Drone x2  
  73  5:52  Queen  
  75  6:02  Roach  
  75  6:03  Roach x5  
  83  6:13  Roach x2  
  87  6:29  Overlord x2  
  87  6:31  Queen  
  89  6:33  Queen  
  91  6:44  Roach x2  
  91  6:45  Roach x4  
  103  6:48  Zerg Missile Weapons Level 2  
  103  6:55  Hatchery, Evolution Chamber, Extractor  
  100  7:04  Zergling x4  
  100  7:05  Zergling x4  
  104  7:20  Roach x4  
  112  7:24  Zerg Ground Armor Level 1  
  112  7:28  Roach  
  112  7:35  Hydralisk Den  
  105  7:46  Drone, Infestation Pit  
  105  7:47  Drone x9  
  110  7:58  Roach x4  
  118  8:01  Extractor  
  118  8:05  Roach x3  
  101  8:14  Extractor  
  100  8:20  Drone  
  100  8:21  Drone x8  
  109  8:30  Hydralisk x3  
  109  8:31  Hydralisk  
  117  8:38  Grooved Spines  
  117  8:39  Overlord x3  
  117  8:40  Overlord  
  116  8:44  Hive  
  116  8:51  Lurker Den  
  116  8:53  Hydralisk x2  
  116  8:55  Overlord  
  118  9:00  Drone x6, Spine Crawler  
  118  9:01  Spine Crawler x2  
  118  9:10  Hydralisk x3  
  124  9:24  Drone x2  
  124  9:25  Drone x2  
  124  9:28  Hydralisk x2  
  132  9:35  Hatchery  
  131  9:45  Spine Crawler  
  130  9:46  Spine Crawler  
  130  9:48  Hydralisk x3  
  130  9:49  Muscular Augments, Hydralisk  
  130  9:50  Overlord x2  
  137  9:55  Pneumatized Carapace  
  137  10:04  Zerg Missile Weapons Level 3, Zerg Ground Armor Level 2  
  138  10:21  Lurker x3  
  138  10:22  Lurker x3  
  138  10:27  Hydralisk x2  
  138  10:28  Hydralisk  
  132  10:42  Spore Crawler  
  131  10:45  Drone x4  
  131  10:46  Spore Crawler, Drone x9  
  143  10:54  Drone  
  143  10:55  Drone x2  
  146  11:04  Drone x5  
  151  11:13  Overlord x2  
  151  11:21  Adaptive Talons  
  151  11:36  Hydralisk  
  151  11:37  Hydralisk x2  
  151  11:38  Overlord, Hatchery  
  156  11:54  Spore Crawler  
  156  11:55  Spore Crawler  
  150  12:15  Hydralisk x4  
  150  12:16  Hydralisk x2  
  162  12:26  Overlord x4  
  162  12:27  Overlord  
  162  12:28  Zerg Ground Armor Level 3, Hydralisk x2  
  166  12:34  Seismic Spines  
  166  12:35  Hydralisk  
  164  12:45  Hydralisk x3  
  154  12:57  Overlord x2  
  154  12:58  Overseer x3  
  128  12:59  Overseer x4  
  128  13:02  Hydralisk x3  
  128  13:03  Hydralisk  
  107  13:21  Hydralisk x6  
  107  13:25  Hydralisk  
  107  13:26  Hydralisk  
  114  13:38  Hatchery, Hydralisk  
  114  13:39  Hydralisk  
  117  13:47  Hydralisk x3  
  123  13:49  Unknown  
  123  14:01  Hydralisk x4  
  109  14:19  Hydralisk x5  
  119  14:34  Extractor  
  119  14:35  Hydralisk x3  
  124  14:43  Roach  
  124  14:44  Roach x2  
  130  15:05  Hydralisk  
  130  15:06  Hydralisk x6  
  143  15:13  Drone x4  
  141  15:32  Hydralisk x5  
  151  15:43  Drone x7  
  156  15:52  Drone  
  156  15:53  Drone x3  
  160  16:00  Hydralisk x3  
  160  16:01  Hydralisk  
  168  16:04  Overlord  
  154  16:16  Lurker  
  154  16:17  Lurker x5  
  158  16:27  Drone x3  
  158  16:30  Extractor  
  160  16:40  Lurker x4  
  160  16:41  Lurker  
  165  16:50  Hatchery  
  165  16:53  Queen  
  166  17:03  Zergling x12  
  166  17:04  Zergling x12  
  166  17:05  Zergling x4  
  178  17:10  Hydralisk x4  
  174  17:20  Extractor  
  174  17:22  Extractor  
  171  17:30  Drone  
  171  17:31  Drone x11, Spine Crawler  
  171  17:32  Drone  
  170  17:47  Hydralisk  
  170  17:48  Hydralisk x5  
  175  18:09  Hydralisk x2  
  175  18:10  Hydralisk x5  
  164  18:23  Drone x4  
  144  18:58  Drone  
  144  18:59  Drone  
  146  19:12  Overseer x3  
  146  19:26  Hydralisk x4  
  146  19:27  Hydralisk x8  
  146  19:30  Zerg Melee Weapons Level 1  
  170  19:42  Hatchery  
  169  19:56  Hydralisk x5  
  154  20:09  Spore Crawler  
  154  20:11  Spore Crawler  
  154  20:12  Drone x3  
  155  20:34  Roach x3  
  148  21:00  Viper x3  
  148  21:01  Viper x2  
  163  21:09  Drone x2  
  165  21:14  Drone x3  
  168  21:27  Drone x5  
  168  21:28  Drone  
  174  21:44  Hydralisk x4  
  182  21:50  Drone x4  
  182  21:51  Drone  
  185  22:05  Hydralisk  
  185  22:06  Hydralisk x4  
  182  22:29  Hydralisk  
  147  22:30  Hydralisk x9  
  154  22:40  Hydralisk x4  
  140  22:56  Hydralisk  
  140  22:57  Hydralisk x5  
  152  23:04  Viper x2  
  152  23:05  Viper  
  157  23:13  Hydralisk x2  
  157  23:14  Hydralisk  
  157  23:16  Drone x3  
  164  23:34  Hydralisk x7  
  154  23:47  Extractor  
  153  23:55  Lurker x3  
  151  23:56  Lurker  
  151  23:57  Hydralisk  
  149  24:12  Queen  
  149  24:13  Hydralisk x2  
  116  24:27  Hydralisk x2  
Show
View Real Time Build Order
Export as new Build Order

AmShagaar Zerg 

Build Orders: Hatch First, Lurkers 

Get SALT Encoding   

  12  0:00  Drone  
  13  0:14  Overlord  
  13  0:17  Drone  
  14  0:32  Drone x2  
  16  0:51  Hatchery  
  16  0:55  Drone  
  16  0:58  Drone  
  17  1:09  Extractor  
  16  1:13  Spawning Pool  
  16  1:15  Drone  
  16  1:19  Drone  
  16  1:23  Drone  
  18  1:35  Drone  
  19  1:43  Overlord  
  19  1:51  Drone  
  20  2:01  Queen  
  20  2:02  Zergling x2  
  20  2:04  Queen, Drone  
  26  2:12  Metabolic Boost  
  26  2:17  Drone x2  
  26  2:22  Extractor  
  27  2:23  Zergling x2  
  27  2:25  Drone  
  29  2:34  Zergling x2  
  30  2:37  Zergling x2  
  31  2:45  Zergling x2  
  31  2:47  Queen  
  34  2:57  Drone x2  
  34  2:58  Overlord  
  35  3:03  Evolution Chamber  
  34  3:11  Drone  
  35  3:17  Drone x2  
  35  3:18  Zergling x4  
  39  3:28  Drone x5  
  39  3:33  Zerg Melee Weapons Level 1  
  44  3:38  Baneling Nest  
  44  3:40  Drone  
  43  3:51  Overlord x2  
  43  4:05  Hatchery  
  41  4:10  Spore Crawler  
  41  4:14  Lair  
  41  4:16  Drone  
  40  4:31  Drone  
  40  4:32  Overlord, Drone x3  
  40  4:34  Queen  
  44  4:50  Zergling x10  
  44  4:51  Zergling x4  
  51  4:58  Evolution Chamber  
  50  5:00  Extractor, Drone x2  
  50  5:01  Drone  
  52  5:19  Zergling x6  
  55  5:22  Drone x2  
  55  5:23  Drone  
  55  5:27  Extractor  
  57  5:43  Zerg Ground Armor Level 1, Hydralisk Den  
  57  5:44  Zerg Melee Weapons Level 2  
  56  5:51  Drone  
  56  5:52  Drone x4  
  60  6:01  Zergling x10  
  60  6:02  Zergling x2  
  65  6:07  Overlord x2  
  65  6:13  Grooved Spines  
  65  6:15  Hatchery, Zergling x2  
  65  6:27  Drone x4  
  65  6:31  Hydralisk x2  
  73  6:38  Drone x3  
  76  6:50  Hydralisk x3  
  76  6:52  Overlord x2  
  82  6:56  Lurker Den  
  82  6:58  Burrow  
  82  7:00  Hydralisk  
  81  7:08  Overlord  
  81  7:09  Overlord  
  81  7:13  Hydralisk x2  
  81  7:14  Hydralisk  
  86  7:24  Muscular Augments  
  80  7:32  Hydralisk  
  80  7:33  Zergling x6, Hydralisk x3  
  83  7:43  Hydralisk  
  83  7:44  Zergling x2, Hydralisk  
  77  7:45  Zergling x2  
  77  7:46  Zergling x2  
  75  7:53  Zergling x2, Hydralisk x2  
  78  8:01  Drone x2  
  78  8:09  Hydralisk  
  78  8:10  Zergling x6, Hydralisk x2  
  82  8:15  Drone x3  
  85  8:34  Drone x4  
  86  8:35  Queen  
  86  8:36  Queen  
  86  8:40  Spore Crawler  
  92  8:47  Hydralisk x3  
  92  8:48  Hydralisk x2  
  98  8:53  Drone x2  
  104  9:06  Lurker x2  
  104  9:07  Lurker  
  104  9:09  Drone x3  
  110  9:10  Drone  
  110  9:12  Extractor  
  110  9:13  Extractor  
  110  9:16  Overlord x2  
  108  9:17  Hydralisk x3  
  108  9:18  Zergling x2  
  108  9:22  Zerg Missile Weapons Level 1  
  115  9:25  Infestation Pit  
  115  9:29  Pneumatized Carapace  
  116  9:31  Drone x3  
  116  9:36  Centrifical Hooks  
  117  9:41  Queen  
  117  9:42  Overseer x2  
  119  9:54  Drone  
  119  9:55  Drone x2  
  119  9:56  Overlord x2  
  119  9:57  Hydralisk x2  
  119  9:58  Zergling x8  
  130  10:00  Baneling  
  130  10:01  Baneling x3  
  130  10:09  Zergling x2  
  130  10:10  Zergling x10  
  130  10:11  Overlord  
  133  10:38  Lurker x3  
  133  10:41  Zergling x4  
  133  10:42  Zergling x12  
  144  10:43  Zergling x4  
  144  10:48  Hive  
  146  10:50  Drone  
  146  10:51  Drone x3  
  146  10:54  Extractor, Spine Crawler  
  146  10:56  Drone x4  
  152  10:58  Extractor  
  149  11:13  Drone x2  
  151  11:26  Drone x2  
  151  11:27  Drone  
  151  11:31  Baneling x4  
  154  11:38  Overseer  
  154  11:42  Baneling x3  
  154  11:43  Overlord x2, Baneling  
  154  11:44  Overlord  
  154  11:54  Zerg Missile Weapons Level 2  
  154  11:56  Zerg Ground Armor Level 2  
  154  12:07  Viper x3  
  163  12:11  Drone x3  
  166  12:16  Zergling x4  
  166  12:17  Zergling x14  
  175  12:26  Baneling  
  175  12:27  Baneling x6  
  170  12:48  Hydralisk  
  170  12:49  Zergling x2  
  158  13:08  Seismic Spines  
  158  13:11  Hydralisk  
  158  13:12  Zergling x14  
  167  13:13  Zergling x20  
  167  13:14  Overseer  
  157  13:27  Overlord x2  
  146  13:59  Hatchery  
  138  14:05  Adaptive Talons  
  128  14:18  Drone x5  
  128  14:20  Drone x2  
  128  14:21  Drone  
  128  14:23  Zergling x2  
  139  14:24  Zergling x32  
  151  14:33  Overseer x2  
  151  14:36  Zergling x8  
  151  15:02  Spore Crawler  
  150  15:07  Spore Crawler  
  150  15:09  Spore Crawler  
  150  15:10  Zergling x12  
  150  15:11  Zergling x2  
  150  15:12  Hydralisk x4  
  150  15:13  Hydralisk  
  164  15:20  Spire  
  164  15:21  Drone x2  
  162  15:22  Hydralisk  
  162  15:23  Lurker x4, Hydralisk x5  
  165  16:11  Hydralisk  
  154  16:12  Zergling x28  
  154  16:13  Overlord, Zergling x8  
  154  16:14  Overlord x3  
  154  16:15  Overlord  
  174  16:21  Overlord  
  174  16:22  Overlord x2  
  174  16:23  Overlord  
  174  16:29  Zerg Missile Weapons Level 3  
  174  16:30  Zerg Ground Armor Level 3  
  174  16:38  Baneling x7  
  174  16:39  Baneling x2  
  174  16:42  Overlord x2  
  174  16:43  Overlord  
  174  16:45  Overseer  
  174  16:49  Hydralisk x3  
  174  16:50  Hydralisk x3  
  174  16:53  Greater Spire  
  186  16:59  Spore Crawler  
  172  17:11  Extractor  
  172  17:14  Extractor  
  161  17:17  Overlord x4  
  156  17:25  Zergling x2, Hydralisk  
  156  17:26  Zergling x2, Hydralisk x5  
  156  17:27  Overseer, Zergling x2  
  156  17:28  Overseer x2, Zergling x18  
  180  17:34  Zergling x2  
  180  17:35  Zergling x6  
  183  17:42  Zergling x4  
  185  17:46  Spine Crawler  
  185  17:51  Hydralisk x5  
  194  18:05  Zerg Flyer Armor Level 1  
  179  18:13  Corruptor x3  
  179  18:14  Corruptor x4  
  168  18:30  Hydralisk x14  
  178  18:47  Corruptor  
  178  18:48  Corruptor x10  
  187  18:55  Overseer x2  
  199  19:07  Spine Crawler  
  198  19:10  Spine Crawler  
  197  19:23  Lurker x5  
  195  19:24  Lurker  
  195  19:27  Lurker, Brood Lord  
  177  19:46  Brood Lord x4  
  177  19:47  Spine Crawler  
  177  19:48  Spine Crawler  
  177  19:50  Spine Crawler  
  170  19:53  Corruptor x6  
  170  19:54  Corruptor  
  170  19:55  Brood Lord x2  
  170  19:57  Brood Lord  
  170  19:58  Zergling x4  
  170  19:59  Zerg Flyer Weapons Level 1  
  190  20:12  Zergling x16  
  198  20:17  Drone x2  
  200  20:30  Hatchery  
  197  21:00  Overseer x2  
  197  21:21  Extractor  
  197  21:23  Extractor  
  195  21:34  Brood Lord  
  195  21:35  Brood Lord  
  195  21:37  Zergling x2  
  200  21:42  Zerg Melee Weapons Level 3  
  198  21:53  Zerg Flyer Armor Level 2  
  174  22:26  Zergling x2  
  174  22:27  Zergling x2  
  174  22:28  Zergling x36  
  169  22:53  Brood Lord x4  
  169  22:56  Spine Crawler  
  169  22:57  Drone x3  
  179  23:07  Zergling x2  
  179  23:08  Zergling x12  
  184  23:23  Spine Crawler, Zergling x2  
  184  23:24  Zergling x28  
  184  23:25  Spine Crawler x2  
  196  23:28  Queen x2  
  200  23:43  Overseer x2  
  200  23:45  Hatchery  
  179  24:03  Drone  
  188  24:47  Evolution Chamber  
  188  24:48  Evolution Chamber  
Tags
 
Add a new tag
Caveats
  • Supply blocks, unpowered buildings, or Contaminate may cause inaccurate times.
  • Supply counts are checked every 10 seconds.